 Dungeon Crawl Stone Soup version 0.16-a0-3062-g2c62648 (webtiles) character file.

334 bullock the Grave Robber (level 6, 0/36 HPs)
             Began as an Octopode Necromancer on Dec 10, 2014.
             Succumbed to poison (a potion of poison)
             ... on level 4 of the Dungeon.
             The game lasted 00:21:21 (4659 turns).

bullock the Grave Robber (Octopode Necromancer)     Turns: 4659, Time: 00:21:21

Health: 0/36       AC:  1    Str:  7    XL:     6   Next: 53%
Magic:  2/15       EV: 18    Int: 19    God:
Gold:   287        SH:  0    Dex: 18    Spells: 4 memorised, 5 levels left

rFire  . . .     SeeInvis .     k - -1 short sword (curse)
rCold  . . .     Clarity  .     (no shield)
rNeg   . . .     SustAb   .     (helmet restricted)
rPois  .         Gourm    .     (no amulet)
rElec  .         Spirit   .     (no ring)
rCorr  .         Warding  .     (no ring)
rMut   .         Stasis   .     (no ring)
MR     .....                    (no ring)
Stlth  +++++.....               (no ring)
                                (no ring)
                                (no ring)
                                (no ring)

@: agile, lethally poisoned, very slightly contaminated, hasted, very quick, not
resistant to hostile enchantments, quite stealthy
A: almost no armour, amphibious, 8 rings, constrict 8, camouflage 1, gelatinous
body 1
a: no special abilities


You were on level 4 of the Dungeon.
You were not hungry.

You visited 1 branch of the dungeon, and saw 4 of its levels.

You collected 287 gold pieces.

Inventory:

Hand weapons
 k - a cursed -1 short sword (weapon)
Missiles
 i - 5 curare-tipped needles
Scrolls
 d - a scroll of enchant armour {unknown}
 e - a scroll of teleportation {unknown}
 f - a scroll of recharging {unknown}
 j - 2 scrolls of fear {unknown}
 m - a scroll of fog {unknown}
 n - 2 scrolls of identify {unknown}
 o - a scroll of remove curse {unknown}
 p - a scroll of random uselessness {unknown}
 s - a scroll of magic mapping {unknown}
Potions
 h - a potion of agility
Books
 b - a book of Necromancy

   Spells                             Type                      Level
   a - Pain                           Necromancy                   1
   b - Animate Skeleton               Necromancy                   1
   c - Vampiric Draining              Necromancy                   3
   d - Regeneration                   Charms/Necromancy            3
   e - Animate Dead                   Necromancy                   4
   f - Control Undead                 Necromancy                   4
 q - a book of Control

   Spells                             Type                      Level
   a - Control Teleport               Charms/Translocation         4
   b - Control Undead                 Necromancy                   4
   c - Enslavement                    Hexes                        4
   d - Metabolic Englaciation         Hexes/Ice                    5
   e - Mass Confusion                 Hexes                        6
Comestibles
 a - a meat ration
 c - a bread ration
 t - 4 chunks of flesh


   Skills:
 - Level 2.0 Dodging
 - Level 3.1 Stealth
 + Level 4.5 Spellcasting
 + Level 6.0 Necromancy


You had 5 spell levels left.
You knew the following spells:

 Your Spells              Type           Power        Failure   Level  Hunger
a - Pain                  Necr           ####         1%          1    None
c - Regeneration          Chrm/Necr      ###.......   12%         3    ###....
e - Animate Skeleton      Necr           N/A          1%          1    None
r - Control Undead        Necr           ####......   12%         4    ####...


Dungeon Overview and Level Annotations

Branches:
Dungeon (4/15)
 Temple: D:4-7

Altars:
Ashenzari
Xom

Annotations:
D:4 zkyp's ghost, average HESk


Innate Abilities, Weirdness & Mutations

You cannot wear most types of armour.
You are amphibious.
You can wear up to eight rings at the same time.
You can use your tentacles to constrict many enemies at once.
Your skin changes colour to match your surroundings (Stealth).
Your rubbery body absorbs attacks (AC +1).


Message History

You feel sick.
Things that are here:
a spear of venom; a gnoll corpse
Casting: Pain
Confirm with . or Enter, or press ? or * to list all spells.
You attempt to give life to the dead...
Before your eyes, flesh is ripped from the corpse!
The dead are walking!
* * * LOW HITPOINT WARNING * * *
You feel sick.
You see here 3 chunks of flesh.
Eat one of 5 chunks of flesh? (ye/n/q/i?) This raw flesh tastes terrible.
* * * LOW HITPOINT WARNING * * *
You feel sick.
You continue eating.
* * * LOW HITPOINT WARNING * * *
You feel sick.
You continue eating.
You die...

.....# #.....#
....W#####.##..####
..##...##..##.#...#
.#####.....#..#...#
.## ##.##....#...#
..# #..###.#.....#
#.####.####.#.....#
....g.........#.Z.#
#.####.###.####.@.#
#.# #.# #.# #...#
#.# #.# #.# #..!#
#.####.# #.# #####
....#..###.###
......#......#
......#<.....#
......#......#
.........(...#


You could see a friendly gnoll skeleton.

Vanquished Creatures
  An ogre (D:3)
  A hound (D:4)
  An orc priest (D:4)
  A worker ant (D:3)
  An iguana (D:4)
  A gnoll (D:4)
  2 adders
  A giant mite (D:3)
  3 worms (D:3)
  A giant gecko (D:1)
  6 orcs
  A bat skeleton (D:4)
  4 giant cockroaches
  8 goblins
  6 hobgoblins
  2 jackals (D:2)
  11 kobolds
  A quokka (D:2)
  13 bats
  11 giant newts
  7 rats
  A plant (D:3)
84 creatures vanquished.

Vanquished Creatures (collateral kills)
  An adder (D:4)
  An ooze (D:1)
  An orc (D:4)
  A giant cockroach (D:4)
  A goblin (D:4)
  A hobgoblin (D:2)
  2 jackals (D:2)
  A quokka (D:4)
  A rat (D:4)
10 creatures vanquished.

Vanquished Creatures (others)
  An adder skeleton (D:3)
  2 bat skeletons
  A goblin skeleton (D:2)
  A hobgoblin skeleton (D:4)
  2 kobold skeletons (D:3)
  3 orc skeletons (D:3)
  A quokka skeleton (D:4)
  3 rat skeletons
14 creatures vanquished.

Grand Total: 108 creatures vanquished

Notes
Turn   | Place    | Note
--------------------------------------------------------------
     0 | D:1      | bullock, the Octopode Necromancer, began the quest for the Orb.
     0 | D:1      | Reached XP level 1. HP: 11/11 MP: 3/3
   400 | D:1      | Reached XP level 2. HP: 15/17 MP: 1/4
   495 | D:1      | Learned a level 1 spell: Animate Skeleton
   853 | D:1      | Reached XP level 3. HP: 18/21 MP: 4/6
  1386 | D:2      | Found a shattered altar of Ashenzari.
  1742 | D:2      | Found a shimmering altar of Xom.
  1877 | D:2      | Reached XP level 4. HP: 16/27 MP: 1/9
  2196 | D:3      | Learned a level 4 spell: Control Undead
  2825 | D:3      | Reached skill level 5 in Necromancy
  3211 | D:4      | Noticed zkyp's ghost (average HESk)
  3295 | D:3      | Reached XP level 5. HP: 31/31 MP: 2/11
  4091 | D:4      | Reached XP level 6. HP: 33/36 MP: 10/15
  4232 | D:4      | Noticed an ogre
  4235 | D:4      | Noticed an ogre
  4433 | D:3      | Learned a level 3 spell: Regeneration
  4585 | D:3      | Killed an ogre
  4652 | D:4      | Reached skill level 6 in Necromancy
  4658 | D:4      | HP: 1/36 [poison (a potion of poison)]
  4659 | D:4      | Succumbed to poison (a potion of poison)

Action                   |  1- 3 |  4- 6 || total
-------------------------+-------+-------++-------
Melee: Unarmed           |     4 |       ||     4
       Short sword       |    12 |    56 ||    68
 Cast: Pain              |    58 |    89 ||   147
       Animate Skeleton  |    12 |    15 ||    27
       Control Undead    |       |    14 ||    14
       Regeneration      |       |     3 ||     3
  Use: Potion            |       |     8 ||     8
 Stab: Sleeping          |     4 |     4 ||     8
  Eat: Chunk             |     3 |    12 ||    15
